AoeStats
← Wlock

African Clearing

510932256Analyzed
2v2 RM · 10h ago on Oct 3, 2026· 46m 31s· 4 players
Game mode
Random Map
Map size
Medium (4 player)
Population
200
Speed
Normal
Resources
Standard
Victory
Conquest
Starting age
Dark Age
Ending age
Imperial Age
RankedLock teamsTeams togetherTeam positionsShared explorationLock speedFull tech treeHidden civsTurbo modeCheats
Victory
Defeat
🇨🇳 Magyars · China
1393
+18
🇧🇷 Sicilians · Brazil
1337
+19
🇦🇷 Varangians · Argentina
1434
-19
🇦🇺 Britons · Australia
1415
-18
Publius Varus
7:23 Loom
11:39 Feudal Age
12:48 Fletching
23:18 Forging
24:05 Town Watch
30:52 Castle Age
29:31 Scale Mail Armor
31:50 Bodkin Arrow
34:37 Double-Bit Axe
34:36 Horse Collar
36:34 Wheelbarrow
37:15 Bloodlines
38:23 Bow Saw
38:24 Heavy Plow
39:16 Husbandry
40:22 Scale Barding Armor
43:35 Chain Barding Armor
44:19 Gold Mining
49:37 Imperial Age
riverzlc
3:51 Loom
14:39 Feudal Age
19:41 Castle Age
18:13 Double-Bit Axe
19:35 Scale Barding Armor
19:44 Bloodlines
21:38 Wheelbarrow
22:03 Husbandry
23:00 Chain Barding Armor
28:09 Horse Collar
31:36 Fletching
32:27 Bodkin Arrow
35:35 Padded Archer Armor
36:40 Ballistics
37:14 Thumb Ring
37:44 Heavy Plow
42:49 Imperial Age
42:53 Leather Archer Armor
42:57 Gold Mining
43:19 Bow Saw
42:52 Heavy Cavalry Archer
43:34 Bracer
45:08 Chemistry
44:18 Recurve Bow
44:33 Recurve Bow
45:22 Plate Barding Armor
45:19 Ring Archer Armor
45:15 Corvinian Army
45:20 Elite Magyar Huszar
46:50 Parthian Tactics
Donezo
7:28 Loom
12:39 Feudal Age
13:09 Double-Bit Axe
15:55 Bloodlines
17:08 Forging
22:34 Castle Age
22:36 Horse Collar
23:27 Gold Mining
24:07 Bow Saw
24:05 Scale Barding Armor
24:17 Stone Mining
28:08 Iron Casting
27:35 Husbandry
29:04 Wheelbarrow
30:51 Chain Barding Armor
39:42 Fletching
40:56 Hand Cart
44:26 Imperial Age
43:04 Elite Skirmisher
44:12 Bodkin Arrow
44:39 Ballistics
44:57 Cavalier
45:49 Bracer
Wlock
3:09 Loom
14:21 Feudal Age
22:45 Castle Age
21:27 Double-Bit Axe
22:37 Fletching
23:25 Bodkin Arrow
24:14 Town Watch
25:56 Wheelbarrow
28:45 Hand Cart
37:16 Town Patrol
38:29 Padded Archer Armor
37:50 Crossbowman
38:46 Horse Collar
39:18 Bow Saw
42:30 Pikeman
43:28 Squires
44:47 Leather Archer Armor
47:08 Ballistics
Connection lost

Rejoining the realm…

Still unreachable

The connection could not be restored.

Session expired

The server has moved on; the page needs a fresh start.